 Dungeon Crawl Stone Soup version 0.29-a0-468-ge57f7f99b4 (console) character file.

Game seed: 8933056004082661117

49097 jejorda2 the Impaler (level 14, -5/113 HPs)
             Began as a Merfolk Fighter on May 21, 2022.
             Was a High Priest of Okawaru.
             Slain by a blink frog (10 damage)
             ... on level 6 of the Lair of Beasts.
             The game lasted 00:48:42 (19613 turns).

jejorda2 the Impaler (Merfolk Fighter)             Turns: 19613, Time: 00:48:43

Health: -5/113     AC: 19    Str: 25    XL:     14   Next: 49%
Magic:  14/19      EV: 11    Int:  7    God:    Okawaru [*****.]
Gold:   1187       SH:  5    Dex: 15    Spells: 13/13 levels left

rFire   + . .      SeeInvis .   b - +3 trident {spect, Will+ Str+3}
rCold   + . .      Faith    .   (no shield)
rNeg    . . .      Spirit   .   R - +3 chain mail {rF+}
rPois   +          Reflect  +   v - +2 helmet
rElec   .          Harm     .   (no cloak)
rCorr   .          Rampage  .   V - +1 pair of gloves of Yjogok {Dex+2}
Will    ++...                   F - +0 pair of boots
Stlth   ..........              t - amulet of reflection
HPRegen 0.28/turn               e - ring of poison resistance
MPRegen 0.16/turn               L - ring of protection from cold

@: finesse-ful, marked, studying Translocations
A: (nimble swimmer 2), mertail
a: Renounce Religion, Heroism, Finesse, Duel


You were on level 6 of the Lair of Beasts.
You worshipped Okawaru.
Okawaru was extremely pleased with you.
You visited 2 branches of the dungeon, and saw 17 of its levels.
You also visited: Sewer.

You collected 1287 gold pieces.
You spent 100 gold pieces at shops.

Inventory:

Hand Weapons
 a - a +6 glaive of venom
 b - the +3 trident "Yqicoadenk" (weapon) {spect, Will+ Str+3}
   (You found it on level 5 of the Dungeon)

   When its wielder attacks, the weapon's spirit leaps out and strikes again.
   The spirit shares a part of any damage it takes with its wielder.
   Str:       It affects your strength (+3).
   Will:      It increases your willpower.
Missiles
 g - 6 curare-tipped darts
 i - 526 stones
 l - 8 atropa-tipped darts
 m - 55 poisoned darts
 u - 39 javelins (quivered)
 C - 9 boomerangs
 I - 25 silver javelins
 J - 10 datura-tipped darts
 Q - 4 throwing nets
Armour
 v - a +2 helmet (worn)
 F - a +0 pair of boots (worn)
 R - a +3 chain mail of fire resistance (worn)
 V - the +1 pair of gloves of Yjogok (worn) {Dex+2}
   (Okawaru gifted it to you on level 4 of the Lair of Beasts)

   Dex:       It affects your dexterity (+2).
Jewellery
 e - a ring of poison resistance (left hand)
 t - an amulet of reflection (around neck)
 x - a ring of fire
 K - a ring of protection from fire
 L - a ring of protection from cold (right hand)
 S - the ring "Bumir" {Fly rElec rCorr Str+9 Int-2}
   (You acquired it on level 2 of the Lair of Beasts)

   [ring of flight]

   Str:       It affects your strength (+9).
   Int:       It affects your intelligence (-2).
   rElec:     It insulates you from electricity.
   Fly:       It grants you flight.
   rCorr:     It protects you from acid and corrosion.
Wands
 c - a wand of flame (62)
 k - a wand of digging (14)
 D - a wand of mindburst (18)
 N - a wand of acid (1)
Scrolls
 n - 2 scrolls of fog
 q - 2 scrolls of brand weapon
 r - 3 scrolls of magic mapping
 s - 5 scrolls of enchant armour
 w - 2 scrolls of enchant weapon
 y - a scroll of silence
 E - a scroll of blinking
 H - a scroll of poison
 T - 5 scrolls of identify
 U - 3 scrolls of teleportation
Potions
 d - a potion of brilliance
 f - 3 potions of flight
 h - 9 potions of curing
 j - 5 potions of haste
 o - a potion of lignification
 p - 2 potions of heal wounds
 z - 2 potions of ambrosia
 A - 2 potions of mutation
 B - a potion of magic
 G - a potion of might
 M - a potion of invisibility
 O - 4 potions of attraction
 X - a potion of cancellation
Miscellaneous
 P - a lightning rod (4/4)
 W - a condenser vane (inert)


   Skills:
 + Level 11.0 Fighting
 - Level 20.0 Polearms
 + Level 12.0 Throwing
 - Level 6.0 Armour
 - Level 6.0 Dodging
 - Level 3.0 Shields
 - Level 7.0 Invocations
 - Level 6.0 Evocations


You had 13 spell levels left.
You didn't know any spells.
Your spell library contained the following spells:

 Spells                   Type           Power      Damage    Failure   Level
 Freeze                   Ice            0%         1d3       95%         1
 Magic Dart               Conj           0%         1d3       95%         1
 Ensorcelled Hibernation  Hex/Ice        0%         N/A       99%         2
 Passwall                 Tmut/Erth      0%         N/A       99%         2
 Searing Ray              Conj           0%         2d4       99%         2
 Sublimation of Blood     Necr           0%         N/A       99%         2
 Frozen Ramparts          Ice            0%         1d2       100%        3
 Swiftness                Air            0%         N/A       100%        3
 Fulminant Prism          Conj/Hex       0%         3d6       100%        4
 Hailstorm                Conj/Ice       0%         3d3       100%        4
 Petrify                  Tmut/Erth      0%         N/A       100%        4
 Fireball                 Conj/Fire      0%         3d3       100%        5
 Irradiate                Conj/Tmut      0%         3d13      100%        5
 Starburst                Conj/Fire      0%         6d3       100%        6
 Ignition                 Fire           0%         3d3       100%        8


Dungeon Overview and Level Annotations

Branches:
Dungeon (11/15)            Temple (0/1) D:6            Lair (6/6) D:11
 Shoals (0/4) Lair:4       Spider (0/4) Lair:4        Slime (0/5) Lair:5
    Orc (0/2) D:9           Sewer (visited)

Altars:
Ashenzari
Hepliaklqana
Nemelex Xobeh
Okawaru
Qazlal
Trog
Wu Jian
Zin
Jiyva

Shops:
D:4 !


Innate Abilities, Weirdness & Mutations

((You are very nimble when in or above water. (Stealth+, EV+, Speed+++)))
Your lower body shifts to a powerful aquatic tail in water.


Message History

* * * LOW HITPOINT WARNING * * *
You block the six-headed hydra's attack.
The six-headed hydra bites you but does no damage. x2
The six-headed hydra bites you!
* * * LOW HITPOINT WARNING * * *
An elephant comes into view.
Okay, then.
Unknown command.
Unknown command.
Unknown command.
Press: ? - help, v - describe, . - travel
Here: a komodo dragon Some shallow water.
Unknown command.
Unknown command.
Unknown command.
Clouds of poison gas condense around you!
The condenser dries out!
A nearby plant withers and dies.
The blink frog is engulfed in poison gas.
The blink frog is poisoned.
The blink frog hits you!
* * * LOW HITPOINT WARNING * * *
The wyvern is engulfed in poison gas.
The wyvern is poisoned.
The iguana is poisoned.
The hornet is engulfed in poison gas.
The hornet is poisoned.
The wolf spider is engulfed in poison gas.
The wolf spider is poisoned.
The komodo dragon is engulfed in poison gas.
The komodo dragon is poisoned.
The elephant is engulfed in poison gas.
The elephant is poisoned.
The elephant is engulfed in poison gas.
The elephant is poisoned.
The steam dragon is engulfed in poison gas.
The steam dragon is poisoned.
The six-headed hydra bites you.
* * * LOW HITPOINT WARNING * * *
The six-headed hydra barely misses you.
The six-headed hydra bites you but does no damage. x3
The six-headed hydra bites you.
* * * LOW HITPOINT WARNING * * *
The blink frog is engulfed in poison gas.
The blink frog looks even sicker.
The blink frog hits you!
You die...

## ###.# #F@§# ♣#D####
.. ♣♣♣♣lyS#.### #....
♣≈DlDsSkF..### .....
.≈≈DlD♣SS......##..P..
♣≈§♣♣§§S..PF...§..P...
♣♣ ♣♣§Y.#P.FF........
♣§§###:l.S.......
##.##..F.........


You could see a fire dragon, a six-headed hydra, an elephant (poisoned), a wolf
spider (poisoned), a komodo dragon (poisoned), a blink frog (very poisoned), a
hornet (poisoned), a steam dragon (poisoned), 2 water moccasins, a wyvern
(poisoned), 2 acid dragons and an iguana (poisoned).

Vanquished Creatures
  Gastronok (Lair:1)
  Harold (Lair:2)
  The ghost of spiderkeys the Nimble, a journeyman DjAK of Lugonu (D:11)
  A two-headed ogre (D:9)
  5 hydras
  A boulder beetle (D:11)
  A catoblepas (Lair:3)
  4 death yaks (D:11)
  Erica (D:11)
  Urug (Lair:1)
  Amaemon (D:10)
  Lodul (D:10)
  A manticore (Lair:4)
  11 elephants (Lair:5)
  4 black mambas
  22 cane toads
  An orange demon (D:10)
  2 unseen horrors
  Maggie (D:9)
  2 kobold demonologists (D:10)
  7 rime drakes
  6 komodo dragons
  Grinder (D:3)
  A troll (D:11)
  A wind drake (Lair:4)
  10 blink frogs
  4 slime creatures
  A vampire (D:9)
  4 shadows
  11 wyverns
  A wraith (D:10)
  45 yaks
  5 basilisks
  A redback (Lair:4)
  A steam dragon (D:6)
  Menkaure (D:6)
  An acid dragon (D:10)
  9 water moccasins
  A hell hound (Lair:5)
  2 swamp drakes (Lair:6)
  An ice beast (D:7)
  9 orc warriors
  A black bear (D:5)
  6 ogres (D:10)
  6 wolves (Lair:2)
  2 centaurs
  7 kobold brigands
  3 phantoms
  9 bullfrogs
  A gnoll sergeant (D:10)
  4 scorpions
  8 wights
  14 killer bees
  A vampire bat (Lair:2)
  2 howler monkeys
  4 electric eels (D:9)
  4 hounds
  6 jellies
  9 orc priests
  2 iguanas
  Natasha (thrice) (D:3)
  9 orc wizards
  12 hell rats
  Robin (D:3)
  13 gnolls
  5 adders
  A river rat (Sewer)
  2 shadow imps (D:6)
  2 white imps
  A worm (D:3)
  A dart slug (D:2)
  40 orcs
  11 bats
  8 endoplasms
  2 giant cockroaches
  7 goblins
  9 hobgoblins
  9 jackals
  22 kobolds
  4 quokkas
  8 ball pythons
  2 frilled lizards (D:1)
  14 rats
461 creatures vanquished.

Vanquished Creatures (collateral kills)
  An ogre (D:10)
1 creature vanquished.

Vanquished Creatures (others)
  25 fungi
  30 plants
55 creatures vanquished.

Grand Total: 517 creatures vanquished

Notes
Turn   | Place    | Note
-------+----------+-------------------------------------------
     0 | D:1      | jejorda2 the Merfolk Fighter began the quest for the Orb.
     0 | D:1      | Reached XP level 1. HP: 18/18 MP: 1/1
    85 | D:1      | Reached skill level 3 in Polearms
   200 | D:1      | Reached XP level 2. HP: 21/24 MP: 2/2
   710 | D:1      | Reached XP level 3. HP: 28/29 MP: 3/3
   887 | D:1      | Found a faded altar of an unknown god.
  1395 | D:2      | Reached skill level 4 in Polearms
  1455 | D:2      | Reached skill level 1 in Throwing
  1455 | D:2      | Reached XP level 4. HP: 31/37 MP: 4/4
  2160 | D:3      | Noticed Grinder
  2169 | D:3      | Paralysed by Grinder for 4 turns
  2182 | D:3      | Killed Grinder
  2183 | D:3      | Reached skill level 5 in Polearms
  2183 | D:3      | Reached XP level 5. HP: 2/43 MP: 5/5
  2183 | D:3      | Reached XP level 6. HP: 3/49 MP: 6/6
  2523 | D:3      | Noticed Natasha
  2529 | D:3      | Killed Natasha
  2625 | D:3      | Reached skill level 6 in Polearms
  2721 | D:3      | Noticed Robin
  2735 | D:3      | Killed Robin
  2892 | D:3      | Noticed Natasha
  2900 | D:3      | Killed Natasha
  3012 | D:3      | Found a broken altar of Ashenzari.
  3209 | D:3      | Noticed Natasha
  3215 | D:3      | Killed Natasha
  3364 | D:4      | Found Zoxauwoi's Distillery.
  3470 | D:4      | Found a glowing drain.
  3474 | Sewer    | Entered a sewer
  3566 | Sewer    | Reached XP level 7. HP: 53/55 MP: 7/7
  3572 | Sewer    | Reached skill level 5 in Fighting
  3680 | Sewer    | Found a white marble altar of Elyvilon.
  3846 | D:4      | Reached skill level 7 in Polearms
  4305 | D:4      | Bought a potion of haste for 100 gold pieces
  4310 | D:4      | Found a sparkling altar of Nemelex Xobeh.
  4315 | D:4      | Found a bloodstained altar of Trog.
  4316 | D:4      | Found an iron altar of Okawaru.
  4323 | D:4      | Found an ornate altar of the Wu Jian Council.
  4323 | D:4      | Found a hazy altar of Hepliaklqana.
  4324 | D:4      | Found a stormy altar of Qazlal.
  4353 | D:4      | Became a worshipper of Warmaster Okawaru
  4500 | D:4      | Found a glowing silver altar of Zin.
  4678 | D:4      | Reached XP level 8. HP: 54/63 MP: 8/8
  4692 | D:4      | Identified the +4 arbalest "Dasylu" {flame, rF+}
  5126 | D:5      | Entered Level 5 of the Dungeon
  5166 | D:5      | Reached skill level 8 in Polearms
  5166 | D:5      | Reached skill level 1 in Invocations
  5338 | D:5      | Reached * piety under Okawaru
  5570 | D:5      | Identified the +3 trident "Yqicoadenk" {spect, Will+ Str+3}
  5699 | D:6      | Found a staircase to the Ecumenical Temple.
  5883 | D:6      | Reached skill level 9 in Polearms
  6007 | D:6      | Noticed Menkaure
  6015 | D:6      | Killed Menkaure
  6016 | D:6      | Reached XP level 9. HP: 69/69 MP: 11/11
  6309 | D:7      | Reached ** piety under Okawaru
  6419 | D:7      | Killed an unseen horror
  6420 | D:7      | Reached skill level 10 in Polearms
  6615 | D:7      | Reached skill level 5 in Throwing
  6890 | D:7      | Reached *** piety under Okawaru
  6891 | D:7      | Reached skill level 11 in Polearms
  7056 | D:8      | Reached skill level 5 in Armour
  7462 | D:8      | Received a gift from Okawaru
  7464 | D:8      | Reached XP level 10. HP: 60/76 MP: 13/13
  7818 | D:8      | Reached skill level 12 in Polearms
  7959 | D:9      | Reached **** piety under Okawaru
  8078 | D:9      | Reached skill level 13 in Polearms
  8078 | D:9      | Reached skill level 5 in Invocations
  8387 | D:9      | Received a gift from Okawaru
  8698 | D:9      | Noticed Maggie
  8704 | D:9      | Killed Maggie
  8705 | D:9      | Reached skill level 14 in Polearms
  8715 | D:9      | Received a gift from Okawaru
  8727 | D:9      | Reached XP level 11. HP: 45/81 MP: 13/15
  8924 | D:9      | Found a staircase to the Orcish Mines.
  9049 | D:9      | Reached ***** piety under Okawaru
  9162 | D:9      | Noticed a two-headed ogre
  9175 | D:9      | Killed a two-headed ogre
  9176 | D:9      | Reached skill level 15 in Polearms
  9182 | D:9      | Received a gift from Okawaru
  9780 | D:10     | Entered Level 10 of the Dungeon
 10113 | D:10     | Reached skill level 16 in Polearms
 10115 | D:10     | Noticed Lodul
 10120 | D:10     | Received a gift from Okawaru
 10127 | D:10     | Killed Lodul
 10194 | D:10     | Reached skill level 17 in Polearms
 10200 | D:10     | Noticed Amaemon
 10593 | D:10     | Killed Amaemon
 10593 | D:10     | Received a gift from Okawaru
 11301 | D:11     | Reached skill level 1 in Dodging
 11379 | D:11     | Noticed a death yak
 11379 | D:11     | Noticed a death yak
 11396 | D:11     | Killed a death yak
 11396 | D:11     | Noticed a death yak
 11397 | D:11     | Reached skill level 18 in Polearms
 11397 | D:11     | Reached XP level 12. HP: 67/88 MP: 17/17
 11400 | D:11     | Killed a death yak
 11401 | D:11     | Noticed a death yak
 11406 | D:11     | Killed a death yak
 11415 | D:11     | Killed a death yak
 11415 | D:11     | Reached ****** piety under Okawaru
 11599 | D:11     | Found a staircase to the Lair.
 11770 | D:11     | Noticed a boulder beetle
 11784 | D:11     | Killed a boulder beetle
 11893 | D:11     | Found a runed translucent gate.
 11893 | D:11     | Found a runed translucent gate.
 11897 | D:11     | Found a runed translucent gate.
 11899 | D:11     | Noticed spiderkeys's ghost (journeyman DjAK)
 11899 | D:11     | Noticed a four-headed hydra
 11906 | D:11     | Killed a four-headed hydra
 11907 | D:11     | Found a viscous altar of Jiyva.
 12000 | D:11     | Received a gift from Okawaru
 12153 | D:11     | Noticed Erica
 12177 | D:11     | Killed Erica
 12177 | D:11     | Received a gift from Okawaru
 12506 | D:11     | Killed spiderkeys's ghost
 12571 | Lair:1   | Entered Level 1 of the Lair of Beasts
 12582 | Lair:1   | Reached skill level 5 in Dodging
 12754 | Lair:1   | Noticed Gastronok
 12767 | Lair:1   | Killed Gastronok
 12767 | Lair:1   | Received a gift from Okawaru
 13004 | Lair:1   | Noticed Urug
 13018 | Lair:1   | Killed Urug
 13018 | Lair:1   | Received a gift from Okawaru
 13105 | Lair:1   | Reached XP level 13. HP: 90/98 MP: 18/18
 13328 | Lair:1   | Reached skill level 19 in Polearms
 13976 | Lair:2   | Noticed Harold
 13987 | Lair:2   | Killed Harold
 14420 | Lair:2   | Identified a scroll of acquirement
 14420 | Lair:2   | Acquired the ring "Bumir" {Fly rElec rCorr Str+9 Int-2}
 14647 | Lair:2   | You fall into a shaft and drop 2 floors!
 14647 | Lair:4   | Found a staircase to the Shoals.
 14659 | Lair:4   | Received a gift from Okawaru
 14805 | Lair:4   | Received a gift from Okawaru
 14939 | Lair:4   | Found a hole to the Spider Nest.
 15254 | Lair:3   | Reached skill level 10 in Throwing
 15400 | Lair:3   | Received a gift from Okawaru
 15410 | Lair:3   | Reached skill level 20 in Polearms
 15667 | Lair:3   | Reached skill level 1 in Evocations
 16035 | Lair:3   | Received a gift from Okawaru
 16924 | Lair:2   | Received a gift from Okawaru
 17345 | Lair:4   | Received a gift from Okawaru
 18104 | Lair:4   | Identified the +1 pair of gloves of Yjogok {Dex+2} (Okawaru
                  | gifted it to you on level 4 of the Lair of Beasts)
 18104 | Lair:4   | Received a gift from Okawaru
 18414 | Lair:5   | Reached XP level 14. HP: 104/109 MP: 19/19
 18485 | Lair:5   | Reached skill level 10 in Fighting
 18496 | Lair:5   | Reached skill level 5 in Evocations
 19010 | Lair:5   | Found a staircase to the Slime Pits.
 19572 | Lair:6   | Entered Level 6 of the Lair of Beasts
 19586 | Lair:6   | Received a gift from Okawaru
 19613 | Lair:6   | HP: 5/113 [six-headed hydra (5)]
 19613 | Lair:6   | Slain by a blink frog

Illustrated notes

Levels and vault maps discovered:
D:1:      roderic_chinese_lattice_arrival, layout_basic,
          dreamdust_ecumenical_altar_hidden_monk_grotto, lemuel_another_geyser
D:2:      layout_rooms
D:3:      layout_loops_ring, ashenzari_conservatory_becter, uniq_robin,
          uniq_natasha, uniq_grinder
D:4:      layout_cave_pods, nicolae_overflow_hallway_of_the_gods, serial_shops,
          nicolae_shop_crystal, gup_sewer_entry_spiral
D:5:      layout_rooms
D:6:      layout_basic, minmay_temple_entry_sparse_star,
          minmay_misc_feat_columns, hex_intersection, uniq_menkaure
D:7:      layout_rooms
D:8:      layout_basic
D:9:      layout_loops_corners, erik_orc_2, minmay_fountain_box, uniq_maggie
D:10:     layout_big_octagon, uniq_lodul, uniq_amaemon
D:11:     layout_basic, dpeg_lair_monsters, gammafunk_ghost_ooze,
          hangedman_abyss_or_decor_stagger, uniq_erica
Lair:1:   layout_chaotic_city, grunt_megastairs_5, uniq_urug, uniq_gastronok
Lair:2:   layout_cave_shapes, roderic_batcave, lemuel_fruit_tree, uniq_harold
Lair:3:   layout_regular_city, beast_lair_carwin_10
Lair:4:   layout_regular_city, minmay_shoals_entry_beasts, spider_nest_entry_a
Lair:5:   layout_misc_corridors, minmay_slime_entry_pillars, special_room
          [special_room_mythical_zoo], grunt_megastairs_3
Lair:6:   hangedman_lair_tendril_chambers, layout_loops_ring,
          guppyfry_lair_end_dragon, infiniplex_staircase_pool

Skill      XL: |  1  2  3  4  5  6  7  8  9 10 11 12 13 14 |
---------------+-------------------------------------------+-----
Polearms       | 3 4 5 6 7 9 11 14 18 20 | 20.0
Throwing       | 1 2 3 4 5 6 9 11 12 | 12.0
Fighting       | 4 5 6 8 9 11 | 11.0
Armour         | 3 4 5 6 |  6.0
Invocations    | 3 4 6 7 |  7.0
Dodging        | 1 6 |  6.0
Evocations     | 4 6 |  6.0
Shields        | |  3.0

Action                   |  1- 3 |  4- 6 |  7- 9 | 10-12 | 13-15 || total
-------------------------+-------+-------+-------+-------+-------++-------
Melee: Trident           |   154 |   163 |   230 |   372 |    81 ||  1000
       Tailslap          |       |     2 |     1 |       |       ||     3
       Punch             |       |       |     5 |     7 |       ||    12
       Glaive            |       |       |       |     9 |   443 ||   452
Throw: Javelin           |       |     3 |       |    21 |    22 ||    46
       Stone             |       |    10 |    12 |       |       ||    22
       Dart              |       |       |    13 |    32 |    17 ||    62
Invok: Heroism           |       |       |     1 |     9 |       ||    10
       Finesse           |       |       |       |     3 |     4 ||     7
Evoke: Condenser vane    |       |       |       |       |     1 ||     1
  Use: Potion            |       |     1 |     1 |     1 |       ||     3
       Scroll            |       |     5 |     9 |     5 |     5 ||    24
 Stab: Distracted        |       |       |     1 |     8 |     1 ||    10
       Confused          |       |       |       |       |     3 ||     3
Armor: Scale mail        |    40 |       |       |       |       ||    40
       Chain mail        |    35 |    61 |    85 |       |   147 ||   328
       Plate armour      |       |       |     1 |   129 |    10 ||   140
Dodge: Dodged            |    55 |    30 |    54 |    55 |   158 ||   352
Block: Buckler           |    24 |    23 |    10 |       |       ||    57
       Other             |       |       |     6 |    38 |    57 ||   101
       Reflection        |       |       |       |     3 |       ||     3

Table legend: (Time is in decaauts)
 A = Elapsed time spent in this place.
 B = Non-inter-level travel time spent in this place.
 C = Inter-level travel time spent in this place.
 D = Time resting spent in this place.
 E = Time spent auto-exploring this place.
 F = Levels seen in this place.
 G = Mean time per level.
                   A        B        C        D        E       F      G
               +--------+--------+--------+--------+--------+-----+--------+
         Total |  19161 |  18560 |    601 |    873 |  15094 |  18 | 1064.5 |
       Dungeon |  12086 |  11639 |    447 |    548 |   9354 |  11 | 1098.7 |
          Lair |   6808 |   6655 |    153 |    325 |   5552 |   6 | 1134.7 |
         Sewer |    266 |    266 |      0 |      0 |    187 |   1 |  266.0 |
               +--------+--------+--------+--------+--------+-----+--------+

Top non-repeatable levels by time:
     D:9: 2456 daAuts
  Lair:1: 1696 daAuts
  Lair:4: 1529 daAuts
     D:4: 1477 daAuts
     D:3: 1476 daAuts
     D:1: 1395 daAuts
  Lair:3: 1358 daAuts
    D:11: 1303 daAuts
  Lair:5: 1251 daAuts
  Lair:2: 941 daAuts
     D:8: 893 daAuts
     D:6: 806 daAuts
    D:10: 710 daAuts
     D:7: 572 daAuts
     D:5: 516 daAuts
